 Dungeon Crawl Stone Soup version 0.29.1 (webtiles) character file.

Game seed: 939533337189936074

110 EvilAshe the Shield-Bearer (level 5, -8/41 HPs)
             Began as a Human Fighter on Sept 12, 2022.
             Mangled by an iguana (9 damage)
             ... on level 4 of the Dungeon.
             The game lasted 00:06:26 (3536 turns).

EvilAshe the Shield-Bearer (Human Fighter)          Turns: 3536, Time: 00:06:27

Health: -8/41      AC:  6    Str: 19    XL:     5   Next: 14%
Magic:  5/5        EV:  9    Int:  8    God:
Gold:   254        SH:  4    Dex: 12    Spells: 4/4 levels left

rFire   . . .      SeeInvis .   a - +0 long sword
rCold   . . .      Faith    .   c - +0 buckler
rNeg    . . .      Spirit   .   b - +0 scale mail
rPois   .          Reflect  .   (no helmet)
rElec   .          Harm     .   (no cloak)
rCorr   .          Rampage  .   (no gloves)
Will    .....                   (no boots)
Stlth   ..........              (no amulet)
HPRegen 0.13/turn               (no ring)
MPRegen 0.09/turn               (no ring)

@: mighty
A: no striking features
a: no special abilities


You were on level 4 of the Dungeon.
You visited 1 branch of the dungeon, and saw 4 of its levels.

You collected 254 gold pieces.

Inventory:

Hand Weapons
 a - a +0 long sword (weapon)
Missiles
 r - 4 stones (quivered)
Armour
 b - a +0 scale mail (worn)
 c - a +0 buckler (worn)
 x - a +0 chain mail
Jewellery
 g - a ring of protection from fire
 w - a ring of protection from cold
Scrolls
 e - a scroll of brand weapon {unknown}
 f - a scroll of teleportation {unknown}
 h - 4 scrolls of identify
 k - a scroll of enchant weapon {unknown}
 l - 2 scrolls of butterflies
 m - a scroll of amnesia {unknown}
 n - a scroll of blinking
 o - a scroll of torment {unknown}
 p - a scroll of summoning {unknown}
 q - a scroll of immolation {unknown}
 s - a scroll of poison {unknown}
Potions
 i - a potion of cancellation {unknown}
 j - 3 potions of curing
 t - a potion of degeneration {unknown}
 u - a potion of heal wounds {unknown}
 v - a potion of magic {unknown}


   Skills:
 - Level 3.4 Fighting
 * Level 3.4 Long Blades
 + Level 3.6 Armour
 + Level 3.6 Shields


You had 4 spell levels left.
You didn't know any spells.
Your spell library contained the following spells:

 Spells                   Type           Power      Damage    Failure   Level
 Apportation              Tloc           0%         N/A       86%         1
 Static Discharge         Conj/Air       0%         3-3/arc   94%         2
 Summon Guardian Golem    Hex/Summ       0%         N/A       99%         3
 Dispel Undead            Necr           0%         3d6       100%        4
 Sticky Flame             Conj/Fire      0%         2d3       100%        4
 Alistair's Intoxication  Tmut/Pois      0%         N/A       100%        5
 Orb of Destruction       Conj           0%         9d5       100%        7
 Spellforged Servitor     Conj/Summ      0%         N/A       100%        7


Dungeon Overview and Level Annotations

Branches:
Dungeon (4/15)
 Temple: D:4-7

Altars:

Annotations:
D:3 2 transporters, heinrich's ghost, amateur VSDe


Message History

The iguana hisses angrily.
You see here a +0 chain mail.
x - a +0 chain mail Throw: 7 stones
Press: ? - help, Q - select action Shift-Dir - straight line, f - iguana
Aim: an iguana (61% to hit)
You throw a stone. The stone hits the iguana.
The iguana is lightly wounded.
Throw: 6 stones
Press: ? - help, Q - select action Shift-Dir - straight line, f/p - iguana
Aim: an iguana (lightly wounded, 61% to hit)
You throw a stone. The stone hits the iguana.
The iguana is lightly wounded.
Throw: 5 stones
Press: ? - help, Q - select action Shift-Dir - straight line, f/p - iguana
Aim: an iguana (lightly wounded, 61% to hit)
You throw a stone. The stone closely misses the iguana.
You hit the iguana.
The iguana is moderately wounded.
The iguana bites you. The iguana bites you!
You are too injured to fight recklessly!
You are too injured to fight recklessly!
You barely miss the iguana.
The iguana is moderately wounded.
The iguana bites you!
You feel very mighty all of a sudden. The iguana bites you.
You hit the iguana.
The iguana is heavily wounded.
The iguana closely misses you.
You slash the iguana!
The iguana is almost dead.
The iguana bites you!
* * * LOW HITPOINT WARNING * * *
You barely miss the iguana.
The iguana is almost dead.
The iguana bites you.
* * * LOW HITPOINT WARNING * * *
The iguana bites you!
You die...

#............<...<......#...
#.......)...............#...
#.......................#...
#.............##...#######.#
#.............##...##.####.#
#....^.........+............
##...##..##...##............
#...##..##...##............
.........#@..#.............
........ #.l.##...##.######
#.........#...#######.#
#.........#.$... ...
#.........#.(.... .#...
+........ #... ##..##..#
#... ..# ..# #...#


You could see an iguana.

Vanquished Creatures
  A jelly (D:4)
  An adder (D:2)
  A worm (D:2)
  An orc (D:3)
  4 ball pythons
  4 bats
  4 endoplasms
  2 goblins (D:2)
  11 hobgoblins
  4 jackals (D:4)
  4 quokkas
  3 frilled lizards
  3 kobolds
  6 rats
49 creatures vanquished.

Vanquished Creatures (others)
  A fungus (D:1)
  2 plants (D:1)
3 creatures vanquished.

Grand Total: 52 creatures vanquished

Notes
Turn   | Place    | Note
-------+----------+-------------------------------------------
     0 | D:1      | EvilAshe the Human Fighter began the quest for the Orb.
     0 | D:1      | Reached XP level 1. HP: 18/18 MP: 1/1
    30 | D:1      | Found a faded altar of an unknown god.
   258 | D:1      | Reached XP level 2. HP: 22/24 MP: 2/2
   890 | D:2      | Reached XP level 3. HP: 24/29 MP: 3/3
  1706 | D:3      | Noticed heinrich's ghost (amateur VSDe)
  1715 | D:3      | Found a transporter.
  1754 | D:3      | Found a transporter.
  1854 | D:2      | Reached XP level 4. HP: 25/35 MP: 4/4
  3226 | D:4      | Reached XP level 5. HP: 12/41 MP: 5/5
  3536 | D:4      | HP: 1/41 [iguana (5)]
  3536 | D:4      | Mangled by an iguana

Illustrated notes

Levels and vault maps discovered:
D:1:      dpeg_arrival_pits, layout_loops_ring,
          shapermc_ecumenical_altar_mp_urbaneastern
D:2:      layout_loops_ring, minmay_fractal_squares_gapless_5
D:3:      layout_basic, gammafunk_ghost_arena
D:4:      layout_gridville, nicolae_ossuary_entry_catacombs

Skill      XL: |  1  2  3  4 |
---------------+-------------+-----
Long Blades    | 3 |  3.4
Fighting       | |  3.4
Armour         | |  3.6
Shields        | |  3.6

Action                   |  1- 3 |  4- 6 || total
-------------------------+-------+-------++-------
Melee: Long sword        |   126 |    58 ||   184
Throw: Stone             |     1 |     3 ||     4
  Use: Scroll            |       |     3 ||     3
       Potion            |       |     1 ||     1
Armor: Scale mail        |    59 |    21 ||    80
Dodge: Dodged            |    51 |    27 ||    78
Block: Buckler           |    27 |    13 ||    40
